 Dungeon Crawl Stone Soup version 0.32-a0-859-gb0a091d592 (webtiles) character file.

Game seed: 665868063583191951

89842 lunkers the Severer (level 15, -11/124 HPs)
             Began as a Coglin Berserker on Mar 27, 2024.
             Was the Champion of Trog.
             Killed from afar by a naga warrior (20 damage)
             ... with a splash of poison
             ... on level 1 of the Snake Pit.
             The game lasted 00:35:57 (18718 turns).

lunkers the Severer (Coglin Berserker)             Turns: 18718, Time: 00:35:57

Health: -11/124    AC: 32    Str: 25    XL:     15   Next: 98%
Magic:  15/15      EV: 12    Int:  7    God:    Trog [******]
Gold:   1213       SH:  0    Dex: 13    Spells: 14/14 levels left

rFire   + + +        O - +1 broad axe (flame) {Shi}
rCold   . . .        q - +11 hand axe of the Undead {freeze, rCorr Int+2}
rNeg    . . .        c - +13 chain mail of the Black Skies {-Cast rF+++ Int-2 Stlth+}
rPois   .            P - +2 helmet {SInv}
rElec   .            (no cloak)
rCorr   +            d - +1 pair of gloves {hurl}
SInv    +            A - +0 pair of boots
Will    +....        (amulet unavailable) Stlth
                     (ring unavailable)
HPRegen 0.40/turn    (ring unavailable)
MPRegen 0.14/turn    h
                       - B-40 gigawhirligig {Gadgeteer, rF+ Slay+3}

%: no spellcasting
@: lethally poisoned (-11 -> -51), about to teleport, on berserk cooldown,
slowed, studying Fighting, revving, very slow
A: off-hand wielding, slow wielding, warmup strikes, no jewellery
a: Renounce Religion, Berserk, Trog's Hand, Brothers in Arms


You were on level 1 of the Snake Pit.
You worshipped Trog.
Trog was exalted by your worship.
You visited 4 branches of the dungeon, and saw 19 of its levels.
You also visited: Ice Cave and Volcano.

You collected 2498 gold pieces.
You spent 1285 gold pieces at shops.

Inventory:

Hand Weapons
 q - the +11 hand axe of the Undead (offhand) {freeze, rCorr Int+2}
   (You found it on level 4 of the Dungeon)

   Int+2:     It affects your intelligence (+2).
   rCorr:     It protects you from acid and corrosion.
 t - a +3 broad axe of electrocution {Gerda}
 B - a +2 morningstar of protection {Gloria}
 K - a +0 broad axe of freezing
 O - a +1 broad axe of flaming (weapon) {Shi}
Missiles
 l - a throwing net
 s - 9 curare-tipped darts
Armour
 a - a +2 ring mail of willpower
 c - the +13 chain mail of the Black Skies (worn) {-Cast rF+++ Int-2 Stlth+}
   (You found it on level 7 of the Dungeon)

   Int-2:     It affects your intelligence (-2).
   rF+++:     It renders you almost immune to fire.
   -Cast:     It prevents spellcasting.
   Stlth+:    It makes you more stealthy.
 d - a +1 pair of gloves of hurling (worn)
 g - a +2 robe of resistance
 A - a +0 pair of boots (worn)
 P - a +2 helmet of see invisible (worn)
Gizmo
 h - a B-40 gigawhirligig (installed) {Gadgeteer, rF+ Slay+3}
   (You invented it yourself on level 3 of the Lair of Beasts)

   [B-40 gigawhirligig]

   Gadgeteer: Your evocable items recharge 30% faster and wands have a 30%
   chance to not spend a charge.
   Slay+3:    It affects your accuracy & damage with ranged weapons and melee
   (+3).
   rF+:       It protects you from fire.
Wands
 i - a wand of flame (43)
 n - a wand of iceblast (35)
 v - a wand of paralysis (14)
Scrolls
 j - 2 scrolls of enchant weapon
 m - 2 scrolls of enchant armour
 o - a scroll of immolation
 y - 2 scrolls of revelation
 G - 6 scrolls of teleportation
 I - 3 scrolls of blinking
 J - a scroll of fear
 L - a scroll of butterflies
Potions
 b - 5 potions of curing
 e - 3 potions of ambrosia
 f - 2 potions of invisibility
 k - a potion of enlightenment
 p - 2 potions of degeneration {unknown}
 r - 2 potions of lignification
 u - 7 potions of attraction
 w - 3 potions of haste
 x - 2 potions of resistance {unknown}
 C - a potion of brilliance {unknown}
 D - 5 potions of heal wounds
 E - a potion of mutation {unknown}
 F - 3 potions of might
 M - 2 potions of cancellation {unknown}
 N - a potion of magic {unknown}
Miscellaneous
 H - a box of beasts


   Skills:
 + Level 13.5 Fighting
 - Level 18.0 Axes
 + Level 11.7 Armour
 - Level 10.0 Dodging
 - Level 10.0 Evocations


You had 14 spell levels left.
You didn't know any spells.
Your spell library was empty.

Dungeon Overview and Level Annotations

Branches:
Dungeon (11/15)            Temple (0/1) D:5            Lair (5/5) D:11
 Shoals (0/4) Lair:3        Snake (1/4) Lair:3        Slime (0/5) Lair:4
    Orc (2/2) D:11            Elf (0/3) Orc:2         IceCv (visited)
Volcano (visited)

Altars:
Ashenzari
Makhleb
Nemelex Xobeh
Okawaru
Qazlal
Ru
Sif Muna
Uskayaw
Wu Jian
Xom
Yredelemnul
The Shining One
Beogh

Shops:
D:9 !   D:10 *   Orc:2 [?[:

Annotations:
D:7 3 runed translucent doors, 1 transporter, Foxy's ghost, novice CoGl
D:9 2 transporters, Ikimono's ghost, journeyman OnGl


Innate Abilities, Weirdness & Mutations

You can wield a second weapon in your off-hand.
It takes a long time for you to wield or remove held weapons.
Your first few attacks do less damage.
You cannot equip rings or amulets.


Message History

You are exhausted.
You feel yourself slow down.
* * * LOW HITPOINT WARNING * * *
You feel very sick.
Okay, then.
You feel better.
As you read the scroll of teleportation, it crumbles to dust.
You feel strangely unstable.
A mana viper comes into view.
The mana viper bites you but does no damage.
You hit the mana viper with the +11 hand axe of the Undead.
The mana viper seems to slow down.
You freeze the mana viper.
The mana viper is lightly wounded.
You closely miss the mana viper with your +1 broad axe of flaming.
Your surroundings suddenly seem different.
A guardian serpent and 7 nagas come into view.
A naga warrior is wielding a +2 short sword of draining.
A naga warrior is wielding a +0 mace of holy wrath.
A naga mage is wielding a +2 flail of protection.
Found a scroll of identify.
The naga warrior shouts!
The guardian serpent shouts!
The naga warrior shouts!
The naga shouts! x2; The naga mage shouts!
You hear an angry hiss.
The salamander wields a +0 shortbow of flaming.
It bursts into flame!
The salamander shoots an arrow.
The arrow barely misses you.
The guardian serpent casts a spell at you.
The bolt of poison hits you.
You are poisoned.
* * * LOW HITPOINT WARNING * * *
As you read the scroll of teleportation, it crumbles to dust.
You feel strangely unstable.
* * * LOW HITPOINT WARNING * * *
You feel very sick.
A shock serpent comes into view.
The naga mage spits poison at you. The splash of poison hits you.
You are lethally poisoned!
* * * LOW HITPOINT WARNING * * *
The naga warrior spits poison at you. The splash of poison hits you!!
You are more poisoned.
You die...

...#.. ......
..##...####
...... #
#..N^......
...... ..
##......N...
...... .
.#..........?
.....#
S.N...N........
.....#
##..#..........
[..%..
........NS.....
......
#..@NN.....
......
#...#######
###### #...#
#####


You could see 2 naga warriors, a salamander, a shock serpent (wandering), a
guardian serpent, a naga mage (catching breath) and 3 nagas.

Vanquished Creatures
  Donald (Orc:2)
  Nessos (Orc:2)
  The ghost of osoart the Fighter, a journeyman MiFi of Uskayaw (Lair:2)
  3 dire elephants (Lair:5)
  3 hydras
  An ice dragon (IceCv)
  Erolcha (Orc:2)
  2 catoblepae
  A centaur warrior (Volcano)
  4 ogre magi (Orc:2)
  2 boulder beetles (D:11)
  2 anacondas (Snake:1)
  12 death yaks
  Urug (Lair:4)
  22 two-headed ogres
  A naga warrior (Snake:1)
  A hell knight (Volcano)
  A spectral death yak (Lair:5)
  Sonja (Orc:1)
  A spectral anaconda (Lair:5)
  2 mana vipers (Snake:1)
  An obsidian statue (Lair:5)
  A naga ritualist (Snake:1)
  3 necromancers (Lair:5)
  A salamander (Snake:1)
  A cyclops (Orc:1)
  An orc sorcerer (Orc:2)
  An ugly thing (D:11)
  A dire elephant zombie (Lair:5)
  15 elephants (Lair:5)
  9 black mambas
  A kobold blastminer (Orc:1)
  A naga mage (Snake:1)
  2 ice statues (IceCv)
  A molten gargoyle (Volcano)
  2 torpor snails
  12 cane toads
  A gargoyle (Volcano)
  4 komodo dragons
  A yaktaur (Volcano)
  A tengu conjurer (D:11)
  8 rime drakes
  6 trolls
  A polar bear (Lair:2)
  2 hornets
  Grinder (D:3)
  20 blink frogs
  Sigmund (D:2)
  2 wraiths (D:11)
  2 shadows
  6 wyverns
  4 wargs (Orc:1)
  2 fire bats (Volcano)
  A death yak simulacrum (Lair:5)
  5 basilisks
  4 steam dragons
  61 yaks
  A vampire mosquito (D:11)
  Edmund (D:6)
  5 nagas
  3 acid dragons
  2 hell hounds (Lair:4)
  10 water moccasins
  A black bear (D:7)
  16 orc warriors
  A sky beast (D:7)
  4 elephant zombies (Lair:5)
  27 ogres
  8 wolves
  8 centaurs
  A kobold brigand (D:9)
  14 bullfrogs
  9 wights
  2 elephant simulacra (Lair:5)
  19 killer bees
  2 lindwurm simulacra (IceCv)
  A howler monkey (D:11)
  4 lava snakes (Volcano)
  7 hounds
  A bombardier beetle (D:4)
  2 jellies
  4 komodo dragon simulacra (IceCv)
  20 orc priests
  4 iguanas
  Ijyb (D:3)
  Jessica (D:2)
  Terence (D:2)
  10 orc wizards
  4 hell rats (Lair:4)
  3 gnolls (D:3)
  9 acid dragon simulacra (IceCv)
  14 adders
  3 shadow imps
  6 steam dragon simulacra (IceCv)
  2 ribbon worms
  A dart slug (D:3)
  70 orcs
  2 ball pythons
  3 endoplasms
  3 giant cockroaches
  3 goblins
  8 hobgoblins
  4 jackals (D:2)
  9 kobolds
  2 quokkas
  6 bats
  4 frilled lizards
  4 rats
600 creatures vanquished.

Notes
Turn   | Place    | Note
-------+----------+-------------------------------------------
     0 | D:1      | lunkers the Coglin Berserker began the quest for the Orb.
     0 | D:1      | Reached XP level 1. HP: 18/18 MP: 1/1
   770 | D:1      | Reached XP level 2. HP: 24/24 MP: 2/2
   838 | D:2      | Reached skill level 4 in Axes
   884 | D:2      | Found a burning altar of Makhleb.
   893 | D:2      | Noticed Terence
   901 | D:2      | Killed Terence
   902 | D:2      | Reached XP level 3. HP: 23/29 MP: 3/3
  1090 | D:2      | Reached XP level 4. HP: 35/35 MP: 4/4
  1199 | D:2      | Noticed Sigmund
  1205 | D:2      | Killed Sigmund
  1206 | D:2      | Reached skill level 6 in Axes
  1206 | D:2      | Reached XP level 5. HP: 41/41 MP: 5/5
  1209 | D:2      | Reached XP level 6. HP: 47/47 MP: 6/6
  1338 | D:3      | Noticed Grinder
  1345 | D:3      | Killed Grinder
  1346 | D:3      | Reached skill level 7 in Axes
  1348 | D:3      | Noticed Jessica
  1356 | D:2      | Killed Jessica
  1357 | D:2      | Reached XP level 7. HP: 37/52 MP: 7/7
  1531 | D:3      | Reached skill level 8 in Axes
  1590 | D:3      | Reached ** piety under Trog
  1803 | D:3      | Noticed Ijyb
  1811 | D:3      | Killed Ijyb
  2025 | D:3      | Found a shimmering blue altar of Sif Muna.
  2641 | D:4      | Identified the +11 hand axe of the Undead {freeze, rCorr
                  | Int+2}
  3220 | D:5      | Entered Level 5 of the Dungeon
  3241 | D:5      | Found a staircase to the Ecumenical Temple.
  3247 | D:5      | Reached skill level 9 in Axes
  3259 | D:5      | Reached XP level 8. HP: 58/58 MP: 8/8
  3409 | D:5      | Noticed a wyvern
  3416 | D:5      | Killed a wyvern
  3417 | D:5      | Reached skill level 10 in Axes
  3945 | D:6      | Found a hide-covered altar of Uskayaw.
  4203 | D:6      | Noticed Edmund
  4208 | D:6      | Killed Edmund
  4279 | D:6      | Reached skill level 11 in Axes
  4341 | D:6      | Reached *** piety under Trog
  4869 | D:6      | Reached XP level 9. HP: 63/63 MP: 9/9
  4932 | D:7      | Found a runed translucent gate.
  4932 | D:7      | Found a runed translucent gate.
  4934 | D:7      | Found a runed translucent gate.
  4944 | D:7      | Reached skill level 12 in Axes
  5008 | D:7      | Noticed Foxy's ghost (novice CoGl)
  5516 | D:7      | Found a transporter.
  5589 | D:7      | Noticed a troll
  5591 | D:7      | Found a roughly hewn altar of Beogh.
  5591 | D:7      | Found a transporter.
  5654 | D:7      | Noticed a two-headed ogre
  5664 | D:7      | Reached skill level 13 in Axes
  5700 | D:7      | Killed a two-headed ogre
  5701 | D:7      | Reached XP level 10. HP: 70/70 MP: 10/10
  5704 | D:7      | Reached skill level 14 in Axes
  5704 | D:7      | Identified the +13 chain mail of the Black Skies {-Cast
                  | rF+++ Int-2 Stlth+}
  6003 | D:8      | Reached **** piety under Trog
  6234 | D:8      | Identified a scroll of acquirement
  6234 | D:8      | Acquired a +3 broad axe of venom
  6567 | D:9      | Found a transporter.
  6571 | D:9      | Noticed Ikimono's ghost (journeyman OnGl)
  6572 | D:9      | Noticed a cyclops
  6573 | D:9      | Found a transporter.
  6679 | D:9      | Noticed a two-headed ogre
  6686 | D:9      | Killed a two-headed ogre
  6687 | D:9      | Reached skill level 5 in Fighting
  6687 | D:9      | Reached skill level 5 in Evocations
  6687 | D:9      | Noticed a two-headed ogre
  6911 | D:9      | Reached XP level 11. HP: 80/80 MP: 11/11
  6969 | D:9      | Found Wyfor's Distillery.
  7072 | D:9      | Killed a two-headed ogre
  7156 | D:9      | Reached ***** piety under Trog
  7671 | D:9      | Found a broken altar of Ashenzari.
  7847 | D:10     | Entered Level 10 of the Dungeon
  7847 | D:10     | Found a glowing golden altar of the Shining One.
  7874 | D:10     | Noticed a two-headed ogre
  7875 | D:10     | Noticed a two-headed ogre
  7881 | D:10     | Killed a two-headed ogre
  7882 | D:10     | Killed a two-headed ogre
  7977 | D:10     | Paralysed by a hornet for 3 turns
  7980 | D:10     | Reached skill level 5 in Armour
  7980 | D:10     | Reached skill level 5 in Dodging
  7981 | D:10     | Found Zolah's General Store.
  8047 | D:10     | Found a shimmering altar of Xom.
  8050 | D:10     | Noticed a two-headed ogre
  8076 | D:10     | Killed a two-headed ogre
  8414 | D:10     | Found a basalt altar of Yredelemnul.
  8414 | D:10     | Found a sacrificial altar of Ru.
  8414 | D:10     | Found an iron altar of Okawaru.
  8414 | D:10     | Found a sparkling altar of Nemelex Xobeh.
  8420 | D:10     | Found an ornate altar of the Wu Jian Council.
  8422 | D:10     | Found a stormy altar of Qazlal.
  8456 | D:10     | Found a burning altar of Makhleb.
  8675 | D:11     | Found a staircase to the Orcish Mines.
  8743 | D:11     | Noticed a boulder beetle
  8749 | D:11     | Killed a boulder beetle
  8750 | D:11     | Reached XP level 12. HP: 91/91 MP: 12/12
  8878 | D:11     | Identified the +7 long sword of Disarray {flame, ^Contam
                  | rC++}
  8884 | D:11     | Found a stormy altar of Qazlal.
  8955 | D:11     | Reached skill level 15 in Axes
  9033 | D:11     | Found a staircase to the Lair.
  9098 | D:11     | Noticed a boulder beetle
  9108 | D:11     | Killed a boulder beetle
  9285 | Lair:1   | Entered Level 1 of the Lair of Beasts
  9388 | Lair:1   | Noticed a catoblepas
  9402 | Lair:1   | Killed a catoblepas
  9952 | Lair:2   | Found a frozen archway.
  9963 | IceCv    | Entered an ice cave
 10251 | IceCv    | Reached skill level 10 in Evocations
 10251 | IceCv    | Reached XP level 13. HP: 81/99 MP: 13/13
 10487 | IceCv    | Noticed an ice dragon
 10497 | IceCv    | Reached ****** piety under Trog
 10498 | IceCv    | Killed an ice dragon
 11211 | Lair:2   | Found a runed translucent door.
 11211 | Lair:2   | Noticed osoart's ghost (journeyman MiFi)
 11595 | Lair:2   | Killed osoart's ghost
 11928 | Lair:3   | Found a staircase to the Snake Pit.
 11931 | Lair:3   | Received a gift from Trog
 12353 | Lair:3   | Reached skill level 16 in Axes
 12611 | Lair:3   | Found a staircase to the Shoals.
 12965 | Lair:4   | Reached skill level 10 in Fighting
 12965 | Lair:4   | Reached XP level 14. HP: 110/110 MP: 14/14
 12970 | Lair:3   | Acquired a B-40 gigawhirligig {Gadgeteer, rF+ Slay+3}
 13027 | Lair:4   | Noticed Urug
 13035 | Lair:4   | Killed Urug
 13043 | Lair:4   | Found a dark tunnel.
 13053 | Volcano  | Entered a volcano
 13289 | Volcano  | Found a burning altar of Makhleb.
 13698 | Lair:4   | Received a gift from Trog
 14177 | Lair:4   | Found a staircase to the Slime Pits.
 14960 | Lair:5   | Entered Level 5 of the Lair of Beasts
 15459 | Lair:5   | Noticed a dire elephant
 15459 | Lair:5   | Noticed a dire elephant
 15580 | Lair:5   | Killed a dire elephant
 15588 | Lair:5   | Killed a dire elephant
 15589 | Lair:5   | Reached skill level 17 in Axes
 15838 | Lair:5   | Noticed a dire elephant
 15846 | Lair:5   | Killed a dire elephant
 15847 | Lair:5   | Reached skill level 10 in Dodging
 15860 | Lair:5   | Received a gift from Trog
 15861 | Lair:5   | Reached skill level 10 in Armour
 15894 | Lair:5   | Reached XP level 15. HP: 119/119 MP: 15/15
 16663 | Orc:1    | Entered Level 1 of the Orcish Mines
 16695 | Orc:1    | Noticed Sonja
 16702 | Orc:1    | Killed Sonja
 17116 | Orc:2    | Entered Level 2 of the Orcish Mines
 17116 | Orc:2    | Noticed Nessos
 17122 | Orc:2    | Killed Nessos
 17197 | Orc:2    | Noticed Donald
 17212 | Orc:2    | HP: 6/180 [Donald/+2 eveningstar of freezing (11)]
 17215 | Orc:2    | Killed Donald
 17666 | Orc:2    | Noticed Erolcha
 17669 | Orc:2    | Killed Erolcha
 17759 | Orc:2    | Received a gift from Trog
 17776 | Orc:2    | Found Ygoukk's Armour Emporium.
 17776 | Orc:2    | Found Rafumuof's Book Shop.
 17801 | Orc:2    | Found Comnano's Magic Scroll Emporium.
 17801 | Orc:2    | Found Vesud's Antique Armour Boutique.
 17810 | Orc:2    | Bought a shiny helmet for 165 gold pieces
 17817 | Orc:2    | Bought a manual of Fighting for 1120 gold pieces
 18153 | Orc:2    | Found a staircase to the Elven Halls.
 18554 | Snake:1  | Entered Level 1 of the Snake Pit
 18564 | Snake:1  | Reached skill level 18 in Axes
 18712 | Snake:1  | HP: 6/124 [poisoned by a naga ritualist (toxic radiance)]
 18718 | Snake:1  | Killed from afar by a naga warrior

Illustrated notes

Levels and vault maps discovered:
D:1:      minmay_arrival_radiant_lines, layout_basic, kennysheep_pointless_box,
          serial_bayou_lagoon_b
D:2:      layout_rooms, basic_altar, minmay_misc_feat_four_crosses,
          uniq_terence, uniq_sigmund
D:3:      layout_loops_ring, mainiacjoe_overflow_alcove_4, uniq_jessica,
          uniq_grinder, uniq_ijyb
D:4:      layout_basic, guppyfry_early_lair_pool
D:5:      layout_gridville, minmay_temple_entry_grid,
          serial_library_hellmonk_recessed_alcove
D:6:      layout_basic, overflow_temple_1_default, uniq_edmund
D:7:      gammafunk_beogh_shrine, layout_rooms, gammafunk_ghost_necromancy,
          grunt_ministairs_11
D:8:      layout_loops_ring
D:9:      layout_irregular_city, kennysheep_mini_moat, gammafunk_ghost_arena,
          serial_shops, shop, amcnicky_mini_pool_medium
D:10:     layout_cave_pools, amcnicky_altar_gilded, minmay_overflow_temple_hex,
          mainiacjoe_overflow_catwalk, lightli_temple_of_fire, serial_shops,
          shop
D:11:     minmay_distorted_concentric_squares, layout_irregular_city,
          orc_david_3, nicolae_qazlal_style_of_elements
Lair:1:   layout_roguey, hangedman_lair_unloving_vines,
          chequers_serial_rivers_marsh, lemuel_fruit_fields
Lair:2:   layout_roguey, hellmonk_ghost_happy_afterlife,
          portal_ice_cave_entry_pillars_1
Lair:3:   layout_chaotic_city, shoals_dummy_entry, nicolae_snake_entry_squirm,
          lemuel_fruit_fields, grunt_megastairs_1
Lair:4:   layout_layer_cave, dpeg_slime_entry_corner, enter_volcano_3,
          lemuel_fruit_fields, grunt_megastairs_3, serial_bayou_shore_b,
          uniq_urug
Lair:5:   due_jungle_book, layout_cave_shapes, pdpol_lair_neglected_garden,
          serial_bayou_shore_b
Snake:1:  layout_rooms, minmay_shoptagon
Orc:1:    layout_caves, serial_shops, uniq_sonja
Orc:2:    st_orc_ogre_mass, layout_diamond_mine, uniq_donald, uniq_nessos,
          uniq_erolcha

Skill      XL: |  1  2  3  4  5  6  7  8  9 10 11 12 13 14 15 |
---------------+----------------------------------------------+-----
Axes           | 4 6 7 9 11 13 14 15 16 17 18 | 18.0
Evocations     | 5 8 10 | 10.0
Armour         | 3 5 6 8 10 11 | 11.7
Dodging        | 3 5 7 8 10 | 10.0
Fighting       | 5 7 8 10 11 13 | 13.5

Action                     |  1- 3 |  4- 6 |  7- 9 | 10-12 | 13-15 || total
---------------------------+-------+-------+-------+-------+-------++-------
  Melee: Hand axe          |    31 |    16 |   213 |   292 |   494 ||  1046
         War axe           |    25 |    15 |    67 |       |       ||   107
         Dagger            |     5 |       |       |       |       ||     5
         Morningstar       |       |       |    43 |    35 |       ||    78
         Broad axe         |       |       |       |   252 |   502 ||   754
 Invoke: Berserk           |     1 |     2 |     2 |     3 |    10 ||    18
Ability: Invent Gizmo      |       |       |       |       |     1 ||     1
  Evoke: Wand              |       |       |       |       |     4 ||     4
    Use: Scroll            |     3 |     1 |     3 |    12 |     7 ||    26
         Potion            |       |       |       |       |     1 ||     1
   Stab: Sleeping          |     1 |       |     1 |       |       ||     2
         Distracted        |       |       |       |       |     1 ||     1
 Armour: Animal skin       |    15 |       |       |       |       ||    15
         Scale mail        |     8 |     8 |       |       |       ||    16
         Robe              |       |     5 |    97 |     5 |       ||   107
         Chain mail        |       |       |       |   224 |   416 ||   640
  Dodge: Dodged            |    21 |     3 |    79 |   135 |   214 ||   452

Table legend: (Time is in decaauts)
 A = Elapsed time spent in this place.
 B = Non-inter-level travel time spent in this place.
 C = Inter-level travel time spent in this place.
 D = Time resting spent in this place.
 E = Time spent auto-exploring this place.
 F = Levels seen in this place.
 G = Mean time per level.
                   A        B        C        D        E       F      G
               +--------+--------+--------+--------+--------+-----+--------+
         Total |  18651 |  17406 |   1245 |   1639 |  13032 |  21 |  888.1 |
       Dungeon |   9674 |   8892 |    782 |    819 |   6766 |  11 |  879.5 |
          Lair |   5883 |   5520 |    363 |    187 |   4590 |   5 | 1176.6 |
     Snake Pit |    150 |    150 |      0 |      0 |    105 |   1 |  150.0 |
  Orcish Mines |   1753 |   1654 |     99 |    419 |    991 |   2 |  876.5 |
      Ice Cave |    780 |    780 |      0 |    156 |    421 |   1 |  780.0 |
       Volcano |    408 |    408 |      0 |     57 |    159 |   1 |  408.0 |
               +--------+--------+--------+--------+--------+-----+--------+

Top non-repeatable levels by time:
  Lair:5: 1575 daAuts
  Lair:3: 1283 daAuts
  Lair:4: 1247 daAuts
   Orc:2: 1160 daAuts
     D:9: 1133 daAuts
  Lair:2: 1038 daAuts
     D:6: 1026 daAuts
     D:8: 1014 daAuts
     D:4: 982 daAuts
     D:7: 873 daAuts
    D:11: 870 daAuts
     D:3: 862 daAuts
     D:1: 834 daAuts
   IceCv: 780 daAuts
  Lair:1: 739 daAuts
